 Dungeon Crawl Stone Soup version 0.29-a0-723-gce39da1c22 (webtiles) character file.

Game seed: 9924249446709003708

9368 lmSkywalker the Nimble (level 11, -1/85 HPs)
             Began as a Djinni Fire Elementalist on June 28, 2022.
             Was an Initiate of Ashenzari.
             Slain by a four-headed hydra (6 damage)
             ... on level 1 of the Lair of Beasts on June 29, 2022.
             The game lasted 00:53:04 (12960 turns).

lmSkywalker the Nimble (Djinni Fire Elementalist)  Turns: 12960, Time: 00:53:05

Health: -1/85      AC:  4    Str:  7    XL:     11   Next: 73%
Gold:   576        EV: 18    Int: 21    God:    Ashenzari [......] SH:  0 Dex: 20

rFire   + + +      SeeInvis .   d - +2 whip (drain)
rCold   . . .      Faith    +   (no shield)
rNeg    + . .      Spirit   .   K - +1 leather armour {rF+}
rPois   ∞          Reflect  .   (no helmet)
rElec   .          Harm     .   H - scarf {rC+ rF+}
rCorr   .          Rampage  .   (no gloves)
Will    +....                   (boots unavailable)
Stlth   ++........              o - amulet "Eternal Negligence" {Faith, Fort, Self} (curse)
HPRegen 0.24/turn               g - ring of positive energy
MPRegen 0.00/turn               M - +6 ring of dexterity

@: flying
A: sickness immunity, fire resistance 2, cold vulnerability 1, float, innate
caster, HP casting, extra vitality 1
a: Renounce Religion, Curse Item, Shatter the Chains


You were on level 1 of the Lair of Beasts.
You worshipped Ashenzari.
Ashenzari was noncommittal.
You visited 3 branches of the dungeon, and saw 12 of its levels.

You collected 576 gold pieces.

Inventory:

Hand Weapons
 d - a +2 whip of draining (weapon)
Armour
 H - a scarf of resistance (worn)
 K - a +1 leather armour of fire resistance (worn)
Magical Staves
 i - a staff of poison
Jewellery
 g - a ring of positive energy (left hand)
 o - the cursed amulet "Eternal Negligence" (around neck) {Faith, Fort, Self}
   (You found it on level 2 of the Dungeon)

   [amulet of faith]

   It allows you to gain divine favour quickly.
   It has a curse which improves the following skills: Fortitude: Armour and
   Shields.
   Introspection: Fighting and Spellcasting.
 C - a ring of ice
 I - a ring of see invisible
 M - a +6 ring of dexterity (right hand)
Wands
 a - a wand of digging (12)
 l - a wand of paralysis (10)
 w - a wand of mindburst (13)
 F - a wand of flame (1)
Scrolls
 f - 2 scrolls of amnesia {unknown}
 j - 4 scrolls of teleportation
 m - a scroll of brand weapon {unknown}
 q - a scroll of poison
 t - 2 scrolls of magic mapping
 u - a scroll of blinking {unknown}
 D - a scroll of enchant weapon {unknown}
 E - 2 scrolls of fog {unknown}
Potions
 b - a potion of brilliance {unknown}
 c - 4 potions of curing
 e - 4 potions of heal wounds
 h - 4 potions of haste
 k - 4 potions of attraction
 p - 4 potions of might
 r - 2 potions of degeneration {unknown}
 s - 2 potions of cancellation
 v - a potion of flight {unknown}
 x - a potion of magic {unknown}
 z - 2 potions of mutation
 B - 2 potions of lignification
 L - a potion of invisibility {unknown}


   Skills:
 + Level 9.8(10.2) Fighting
 - Level 0.8(1.1) Armour
 - Level 10.3 Dodging
 - Level 1.5 Stealth
 + Level 9.0(9.5) Spellcasting
 - Level 2.0 Evocations


You had 3 spell levels left.
You knew the following spells:

 Your Spells              Type           Power      Damage    Failure   Level
a - Foxfire               Conj/Fire      100%       2x1d9     1%          1
b - Scorch                Fire           98%        2d10      1%          2
c - Conjure Flame         Conj/Fire      49%        6-21      1%          3
d - Inner Flame           Hex/Fire       49%        N/A       1%          3
e - Flame Wave            Conj/Fire      49%        2d10      1%          4
f - Magic Dart            Conj           100%       1d8       1%          1
g - Static Discharge      Conj/Air       49%        N/A       1%          2
h - Passwall              Tmut/Erth      40%        N/A       1%          2
i - Portal Projectile     Hex/Tloc       98%        N/A       1%          3
j - Iskenderun's Battles  Conj           49%        2d10      5%          5
Your spell library was empty.

Dungeon Overview and Level Annotations

Branches:
Dungeon (10/15)            Temple (1/1) D:5            Lair (1/6) D:9
    Orc (0/2) D:9

Altars:
Ashenzari
Cheibriados
Elyvilon
Fedhas
Gozag
Hepliaklqana
Kikubaaqudgha
Makhleb
Nemelex Xobeh
Okawaru
Trog
Uskayaw
Vehumet
Wu Jian
Yredelemnul
Zin
The Shining One

Shops:
D:4 *   D:6 (

Annotations:
D:3 3 runed translucent doors, dolemite99's ghost, amateur DsHu
D:4 exclusions: 2 gnolls and gnoll shaman
D:7 exclusions: orc, orc wizard and 1 more exclusion, Maggie
D:10 exclusion: hydra, Gastronok
Lair:1 3 runed translucent doors, exclusion: 3 doors, logorrheac's ghost, novice TrFi


Innate Abilities, Weirdness & Mutations

You are immune to sickness and miasma.
You are immune to poison.
Your flesh is very heat resistant. (rF++)
You are vulnerable to cold. (rC-)
You float through the air rather than walking.
You learn spells naturally, not from books.
Your magical power is your life essence.
You have superior vitality. (+4 MHP)


Message History

The four-headed hydra is moderately wounded.
The four-headed hydra misses you.
The four-headed hydra completely misses you.
The four-headed hydra bites you. x2; The foxfire hits the rime drake.
The rime drake is heavily wounded.
Your foxfire dissipates!
Casting: Foxfire (safe; 1% risk of failure)
Confirm with . or Enter, or press ? or * to list all spells.
Casting: Flame Wave (dangerous; 1% risk of failure)
Press: ? - help, Dir - look around, f - activate A wave of flame ripples out!
The flame wave engulfs your foxfire.
Your foxfire completely resists.
The flame wave engulfs the rime drake.
The rime drake is heavily wounded.
The flame wave engulfs the four-headed hydra!!
The four-headed hydra is burned terribly!
The four-headed hydra is severely wounded. (Press . to intensify the flame waves.)
The foxfire hits the rime drake.
The rime drake is severely wounded.
Your battlesphere fires!
The barrage of energy hits the rime drake!
You kill the rime drake!
The four-headed hydra completely misses you.
The four-headed hydra bites you!
* * * LOW HITPOINT WARNING * * *
The four-headed hydra bites you!
* * * LOW HITPOINT WARNING * * *
The four-headed hydra bites you!
* * * LOW HITPOINT WARNING * * *
A wave of flame ripples out!
The flame wave engulfs the four-headed hydra!
The four-headed hydra is burned terribly!
The four-headed hydra is severely wounded.
* * * LOW HITPOINT WARNING * * *
Your battlesphere fires!
The barrage of energy hits the four-headed hydra.
The four-headed hydra is severely wounded.
The four-headed hydra bites you.
You die...

....#....#. .... ..#......#
.......#......#. .....
.........# .....##.........
.................
.......*.....$......
...........D........
..........@##.......
#........§..# ##...
#.........## #...
##........# ♣..♣♣
#.........## ♣♣≈≈≈♣
#..........#.#♣♣≈♣
#.....[.....♣ ♣.≈♣
#.........♣♣♣♣♣♣≈♣♣♣♣ ###
#..........♣≈♣≈♣≈≈≈..♣♣♣...


You could see a four-headed hydra (combustible, ally target) and a friendly
battlesphere.

Vanquished Creatures
  Harold (Lair:1)
  Josephine (D:10)
  A two-headed ogre (D:9)
  A cyclops (D:10)
  Joseph (D:9)
  A gargoyle (D:10)
  A rime drake (Lair:1)
  A komodo dragon (Lair:1)
  4 blink frogs (Lair:1)
  A shadow (D:8)
  4 yaks (D:9)
  A wyvern (D:7)
  7 wraiths
  A water moccasin (Lair:1)
  2 sky beasts (D:7)
  2 black bears
  6 orc warriors
  2 ice beasts
  2 ogres
  A centaur (D:9)
  A kobold brigand (D:7)
  A phantom (D:6)
  2 bullfrogs
  4 scorpions
  A necrophage (D:4)
  4 wights (D:6)
  5 killer bees (D:9)
  3 howler monkeys (D:8)
  A crimson imp (D:4)
  A hound (D:4)
  3 orc priests
  3 iguanas
  15 orc wizards
  6 gnolls
  6 adders
  A shadow imp (D:6)
  2 ufetubi (D:4)
  3 dart slugs
  43 orcs
  9 endoplasms
  3 giant cockroaches
  4 goblins
  7 hobgoblins
  2 jackals (D:1)
  4 quokkas
  11 ball pythons
  4 bats
  5 frilled lizards
  13 kobolds
  8 rats
216 creatures vanquished.

Vanquished Creatures (collateral kills)
  A foxfire (Lair:1)
1 creature vanquished.

Vanquished Creatures (others)
  550 foxfires
  2 fungi (Lair:1)
  14 plants
566 creatures vanquished.

Grand Total: 783 creatures vanquished

Notes
Turn   | Place    | Note
-------+----------+-------------------------------------------
     0 | D:1      | lmSkywalker the Djinni Fire Elementalist began the quest
                  | for the Orb.
     0 | D:1      | lmSkywalker set off with the following spells memorised:
                  | Foxfire, Scorch, Conjure Flame, Inner Flame, Flame Wave.
     0 | D:1      | Reached XP level 1. HP: 15/15 MP: 0/0
   362 | D:1      | Reached XP level 2. HP: 16/21 MP: 0/0
  1003 | D:1      | Reached XP level 3. HP: 22/25 MP: 0/0
  1003 | D:1      | Learned a level 1 spell: Magic Dart
  2050 | D:2      | Reached XP level 4. HP: 26/31 MP: 0/0
  2257 | D:2      | Noticed an ogre
  2264 | D:2      | Killed an ogre
  2265 | D:2      | Reached XP level 5. HP: 30/35 MP: 0/0
  2265 | D:2      | Learned a level 2 spell: Static Discharge
  2454 | D:2      | Found a white marble altar of Elyvilon.
  2937 | D:2      | Reached XP level 6. HP: 36/40 MP: 0/0
  3216 | D:3      | Found a runed translucent gate.
  3216 | D:3      | Found a runed translucent gate.
  3216 | D:3      | Found a runed translucent gate.
  3221 | D:3      | Noticed dolemite99's ghost (amateur DsHu)
  3443 | D:3      | Found a glowing silver altar of Zin.
  3775 | D:4      | Reached skill level 1 in Fighting
  3775 | D:4      | Reached skill level 5 in Spellcasting
  4098 | D:4      | Reached skill level 1 in Evocations
  4331 | D:4      | Reached skill level 3 in Dodging
  4331 | D:4      | Reached XP level 7. HP: 36/48 MP: 0/0
  4331 | D:4      | Learned a level 2 spell: Passwall
  4376 | D:4      | Found Aheeg's Elemental Accessories.
  4447 | D:4      | You are sucked into a shaft and drop 2 floors!
  4453 | D:5      | Entered Level 5 of the Dungeon
  4483 | D:5      | Found a staircase to the Ecumenical Temple.
  4496 | Temple   | Entered the Ecumenical Temple
  4542 | Temple   | Became a worshipper of Ashenzari the Shackled
  4926 | D:5      | Reached skill level 4 in Dodging
  4950 | D:5      | Reached XP level 8. HP: 27/56 MP: 0/0
  5346 | D:4      | Found an iron altar of Okawaru.
  5435 | D:4      | Reached skill level 5 in Dodging
  5518 | D:4      | Found a burning altar of Makhleb.
  5556 | D:4      | Identified the ring of Pyddanil {rF+ Str+4}
  5864 | D:5      | Found a basalt altar of Yredelemnul.
  6220 | D:6      | Found Aretseo's Weapon Shop.
  6599 | D:6      | Reached XP level 9. HP: 59/65 MP: 0/0
  6599 | D:6      | Learned a level 3 spell: Portal Projectile
  6888 | D:7      | Noticed Maggie
  6906 | D:7      | Found a bloodstained altar of Trog.
  6913 | D:7      | Reached skill level 6 in Dodging
  7122 | D:7      | Reached skill level 5 in Fighting
  7828 | D:7      | Found a hide-covered altar of Uskayaw.
  8452 | D:7      | Upgraded the game from 0.29-a0-721-g7f417c9bbb to
                  | 0.29-a0-723-gce39da1c22
  8539 | D:8      | Reached skill level 7 in Dodging
  8882 | D:8      | Found a hazy altar of Hepliaklqana.
  9439 | D:9      | Noticed Joseph
  9449 | D:9      | Killed Joseph
  9450 | D:9      | Reached XP level 10. HP: 32/75 MP: 0/0
  9688 | D:8      | Reached skill level 8 in Dodging
 10071 | D:9      | Found a staircase to the Orcish Mines.
 10177 | D:9      | Noticed a two-headed ogre
 10187 | D:9      | Killed a two-headed ogre
 10325 | D:9      | Reached skill level 9 in Dodging
 10627 | D:9      | Identified the +0 robe of Tuiwoewi {Int+3}
 10683 | D:9      | Found a snail-covered altar of Cheibriados.
 11115 | D:9      | Found a staircase to the Lair.
 11323 | D:10     | Entered Level 10 of the Dungeon
 11344 | D:10     | Noticed Gastronok
 11359 | D:10     | Noticed Josephine
 11774 | D:10     | Reached XP level 11. HP: 56/82 MP: 0/0
 11774 | D:10     | Learned a level 5 spell: Iskenderun's Battlesphere
 12044 | D:10     | Killed Josephine
 12045 | D:10     | Reached skill level 10 in Dodging
 12429 | D:10     | Noticed a cyclops
 12444 | D:10     | Killed a cyclops
 12527 | D:10     | Noticed a six-headed hydra
 12600 | Lair:1   | Entered Level 1 of the Lair of Beasts
 12600 | Lair:1   | Noticed logorrheac's ghost (novice TrFi)
 12600 | Lair:1   | Found a runed translucent gate.
 12600 | Lair:1   | Found a runed translucent gate.
 12600 | Lair:1   | Found a runed translucent gate.
 12607 | Lair:1   | Noticed Harold
 12618 | Lair:1   | Killed Harold
 12625 | Lair:1   | Noticed a six-headed hydra
 12951 | Lair:1   | Noticed a four-headed hydra
 12960 | Lair:1   | Slain by a four-headed hydra

Illustrated notes

Levels and vault maps discovered:
D:1:      elethiomel_arrival_quiet, layout_loops_cross, chequers_garden,
          grunt_decor_one_mirror
D:2:      cheibrodos_old_hovel, layout_basic, minmay_hexomino_r4
D:3:      layout_basic, zin_academy, gammafunk_ghost_necromancy
D:4:      layout_cave_pools, grunt_temple_overflow_lords_of_destruction,
          okawaru_trees_1, nicolae_kikubaaqudgha_miasma_corner,
          nicolae_elemental_shop
D:5:      layout_basic, mainiacjoe_overflow_small_starburst,
          minmay_temple_entry_drinking_statues
D:6:      layout_cave_pools, serial_shops, shop
D:7:      layout_cave_pods, bloody_trog, mainiacjoe_overflow_six_doors_small,
          hangedman_decor_riveting, uniq_maggie
D:8:      layout_loops_cross, mainiacjoe_overflow_cross_hatched,
          minmay_misc_feat_tower
D:9:      layout_loops_ring, mainiacjoe_overflow_concentric_impassable,
          lair_entry_dummy, david_orc_4, uniq_joseph
D:10:     layout_basic, grunt_temple_overflow_open, grunt_ministairs_1,
          uniq_gastronok, uniq_fannar, uniq_josephine
Temple:   jpeg_temple_alley_garden
Lair:1:   layout_layer_cave, gammafunk_ghost_split, serial_bayou_crossing,
          infiniplex_staircase_pool_2, uniq_harold

Skill      XL: |  1  2  3  4  5  6  7  8  9 10 11 |
---------------+----------------------------------+-----
Spellcasting   | 3 4 5 6 7 8 9 |  9.0
Fighting       | 1 3 4 6 8 9 |  9.8
Evocations     | 1 2 |  2.0
Dodging        | 3 4 5 7 9 10 | 10.3
Armour         | |  0.8
Stealth        | |  1.5

Action                   |  1- 3 |  4- 6 |  7- 9 | 10-12 || total
-------------------------+-------+-------+-------+-------++-------
Melee: Whip              |       |    10 |     2 |     5 ||    17
 Cast: Foxfire           |    47 |    74 |   123 |    90 ||   334
       Scorch            |    15 |    16 |    55 |    64 ||   150
       Conjure Flame     |       |       |    13 |     8 ||    21
       Passwall          |       |       |     1 |     1 ||     2
       Inner Flame       |       |       |     9 |    11 ||    20
       Static Discharge  |       |       |     2 |       ||     2
       Flame Wave        |       |       |     1 |     5 ||     6
       Iskenderun's Batt |       |       |       |     1 ||     1
Invok: Curse Item        |       |       |     1 |       ||     1
  Use: Scroll            |     2 |     2 |     7 |     4 ||    15
       Potion            |       |       |       |     5 ||     5
 Stab: Sleeping          |       |     1 |       |       ||     1
Armor: Robe              |     1 |     4 |     1 |       ||     6
       Leather armour    |       |       |     4 |    12 ||    16
Dodge: Dodged            |     5 |    11 |     9 |    66 ||    91

Table legend: (Time is in decaauts)
 A = Elapsed time spent in this place.
 B = Non-inter-level travel time spent in this place.
 C = Inter-level travel time spent in this place.
 D = Time resting spent in this place.
 E = Time spent auto-exploring this place.
 F = Levels seen in this place.
 G = Mean time per level.
                   A        B        C        D        E       F      G
               +--------+--------+--------+--------+--------+-----+--------+
         Total |  12999 |  11961 |   1038 |   4807 |   3146 |  12 | 1083.2 |
       Dungeon |  12563 |  11553 |   1010 |   4574 |   3113 |  10 | 1256.3 |
        Temple |     75 |     47 |     28 |      0 |     33 |   1 |   75.0 |
          Lair |    360 |    360 |      0 |    233 |      0 |   1 |  360.0 |
               +--------+--------+--------+--------+--------+-----+--------+

Top non-repeatable levels by time:
     D:9: 2385 daAuts
     D:2: 1634 daAuts
     D:1: 1432 daAuts
     D:7: 1426 daAuts
     D:8: 1334 daAuts
     D:3: 1134 daAuts
     D:5: 970 daAuts
     D:4: 925 daAuts
     D:6: 859 daAuts
    D:10: 462 daAuts
  Lair:1: 360 daAuts
  Temple: 75 daAuts
